 Dungeon Crawl Stone Soup version 0.30-a0-1112-gfb780f5df6 (webtiles) character file.

Game seed: 11291373464959787441

6052 demibob the Spear-Bearer (level 10, -12/63 HPs)
             Began as a Demonspawn Wanderer on Apr 19, 2023.
             Was a High Priest of Okawaru.
             Mangled by a komodo dragon (28 damage)
             ... on level 10 of the Dungeon.
             The game lasted 00:11:02 (8242 turns).

demibob the Spear-Bearer (Demonspawn Wanderer)      Turns: 8242, Time: 00:11:03

Health: -12/63     AC: 11    Str: 15    XL:     10   Next: 57%
Magic:  12/13      EV: 18    Int: 14    God:    Okawaru [*****.]
Gold:   371        SH:  0    Dex: 16    Spells: 12/13 levels left

rFire   + . .      SeeInvis .    a - +2 spear (venom)
rCold   . . .      Faith    .    (no shield)
rNeg    . . .      Spirit   .    A - +0 steam dragon scales
rPois   .          Reflect  .    g - +1 helmet
rElec   .          Rampage  .    h - scarf {repulsion}
rCorr   .                        t - +0 pair of gloves
Will    .....                    (no boots)
Stlth   ++++                     (no amulet)
HPRegen 2.30/turn                F - ring of protection from fire
MPRegen 0.13/turn                (no ring)

@: heroic, repel missiles
A: hooves 2, thin skeletal structure 1, foul stench 2, powered by death 2
a: Renounce Religion, Heroism, Finesse, Duel


You were on level 10 of the Dungeon.
You worshipped Okawaru.
Okawaru was extremely pleased with you.
You visited 2 branches of the dungeon, and saw 12 of its levels.

You collected 371 gold pieces.


Innate Abilities, Weirdness & Mutations

You have hoof-like feet.
You have a somewhat thin skeletal structure. (Dex +2, Stealth+)
You sometimes emit foul miasma when damaged in melee.
You regenerate health from kills.


   Skills:
 + Level 11.8(16.8) Polearms
 - Level 1.0(6.0) Throwing
 - Level 6.3(11.3) Armour
 + Level 5.6(10.6) Dodging
 - Level 2.0 Spellcasting
 - Level 2.6 Translocations
 + Level 3.5 Invocations


You had 12 spell levels left.
You knew the following spells:

 Your Spells              Type           Power      Damage    Failure   Level
a - Apportation           Tloc           16%        N/A       8%          1

Your spell library contained the following spells:

 Spells                   Type           Power      Damage    Failure   Level
 Kiss of Death            Conj/Necr      4%         2d5       24%         1
 Cigotuvi's Dreadful Rot  Necr/Pois/Air  2%         N/A       34%         2
 Vhi's Electric Charge    Tloc/Air       10%        N/A       38%         3
 Confusing Touch          Hex            1%         N/A       56%         3
 Ignite Poison            Fire/Tmut/Pois 1%         N/A       56%         3
 Manifold Assault         Tloc           8%         N/A       61%         4
 Dispel Undead            Necr           1%         3d6       93%         4
 Olgreb's Toxic Radiance  Pois           1%         N/A       93%         4
 Petrify                  Tmut/Erth      1%         N/A       93%         4
 Alistair's Intoxication  Tmut/Pois      0%         N/A       100%        5
 Freezing Cloud           Conj/Ice/Air   0%         6-21      100%        5
 Discord                  Hex            0%         N/A       100%        8
 Ignition                 Fire           0%         3d3       100%        8
 Lehudib's Crystal Spear  Conj/Erth      0%         10d2      100%        8

Inventory:

Hand Weapons
 a - a +2 spear of venom (weapon)
 c - a +0 dagger
Missiles
 b - 17 boomerangs (quivered)
Armour
 g - a +1 helmet (worn)
 h - a scarf of repulsion (worn)
 t - a +0 pair of gloves (worn)
 A - +0 steam dragon scales (worn)
Jewellery
 n - a ring of positive energy
 F - a ring of protection from fire (left hand)
Wands
 e - a wand of roots (16)
 f - a wand of polymorph (17)
 q - a wand of digging (6)
 x - a wand of mindburst (5)
 y - a wand of paralysis (6)
Scrolls
 d - 2 scrolls of fear
 i - 6 scrolls of teleportation {@r2}
 p - 3 scrolls of enchant armour
 u - a scroll of amnesia
 N - a scroll of magic mapping
Potions
 j - 4 potions of lignification
 k - 2 potions of mutation
 l - 3 potions of degeneration
 m - a potion of curing {@q1}
 o - a potion of ambrosia {unknown}
 r - a potion of magic
 s - 4 potions of flight
 w - a potion of cancellation
 z - a potion of berserk rage {!q}
 B - a potion of brilliance
 D - a potion of attraction {unknown}

Dungeon Overview and Level Annotations

Branches:
Dungeon (11/15)            Temple (1/1) D:6            Lair (0/5) D:11
    Orc (0/2) D:11

Altars:
Ashenzari
Cheibriados
Dithmenos
Fedhas
Gozag
Hepliaklqana
Kikubaaqudgha
Makhleb
Nemelex Xobeh
Okawaru
Qazlal
Ru
Sif Muna
Trog
Uskayaw
Vehumet
Wu Jian
Xom
Yredelemnul

Shops:
D:3 :   D:6 [(*   D:10 *

Annotations:
D:8 3 runed translucent doors, dufus's ghost, novice BaMo
D:9 3 runed translucent doors, Sobieck's ghost, novice AtGl

..........#
##........#
#........#
#........#
########.# ## #o# .
#o# #l# #@# #######
#.# ....... #.#
########## #.#
#<...# #.. #.#
#...∩# #.# #+#
#.####.###.#
#......#......#...#
#......######...###
#......#.<....###


You could see a komodo dragon and 2 orcs.


Message History

* * * LOW HITPOINT WARNING * * *
You convulse!
* * * LOW HITPOINT WARNING * * *
You are too injured to fight recklessly!
You are too injured to fight recklessly!
You feel better. The orc warrior misses you.
You are too injured to fight recklessly!
You are too injured to fight recklessly!
You are too injured to fight recklessly!
You are too injured to fight recklessly!
You hit the orc warrior.
The orc warrior looks as sick as possible!
Your kick misses the orc warrior.
The orc warrior is almost dead.
You hit the orc warrior but do no damage.
You kick the orc warrior.
You kill the orc warrior!
Okawaru accepts your kill.
You hit the komodo dragon. You kick the komodo dragon.
The komodo dragon is lightly wounded.
You barely miss the komodo dragon. You kick the komodo dragon.
The komodo dragon is moderately wounded.
The komodo dragon bites you!!
* * * LOW HITPOINT WARNING * * *
You closely miss the komodo dragon. You kick the komodo dragon.
The komodo dragon is moderately wounded.
You closely miss the komodo dragon. Your kick misses the komodo dragon.
The komodo dragon is moderately wounded.
The komodo dragon bites you!!
You die...

Skill      XL: |  1  2  3  4  5  6  7  8  9 10 |
---------------+-------------------------------+-----
Polearms       | 2 3 4 5 7 9 11 | 11.8
Armour         | 3 4 6 |  6.3
Dodging        | 3 5 |  5.6
Invocations    | 3 |  3.5
Throwing       | |  1.0
Spellcasting   | |  2.0
Translocations | |  2.6

Action                     |  1- 3 |  4- 6 |  7- 9 | 10-12 || total
---------------------------+-------+-------+-------+-------++-------
  Melee: Spear             |    95 |   167 |   323 |   202 ||   787
         Punch             |       |     1 |     1 |     2 ||     4
         Kick              |       |    26 |    71 |    74 ||   171
 Invoke: Heroism           |       |       |     1 |     1 ||     2
  Evoke: Wand              |       |       |    15 |       ||    15
    Use: Scroll            |     7 |     4 |     5 |     5 ||    21
         Potion            |     4 |       |     5 |     2 ||    11
   Stab: Sleeping          |     8 |    16 |     6 |     1 ||    31
         Distracted        |       |     2 |     2 |     1 ||     5
         Paralysed         |       |       |    12 |       ||    12
 Armour: Robe              |    11 |    28 |    14 |       ||    53
         Steam dragon scal |       |       |    23 |    23 ||    46
  Dodge: Dodged            |    40 |    59 |    67 |    65 ||   231
         Repelled          |       |       |     2 |     1 ||     3

Levels and vault maps discovered:
D:1:      ncdulo_wetmaze, layout_basic
D:2:      layout_rooms
D:3:      layout_rooms, grunt_temple_overflow_open, serial_shops,
          nicolae_shop_waterfront, uniq_ijyb, uniq_robin
D:4:      layout_loops_ring, nicolae_dithmenos_shadow_blocks
D:5:      layout_loops_ring, mainiacjoe_overflow_alcove_3
D:6:      layout_basic, mainiacjoe_overflow_alcove_2,
          mainiacjoe_overflow_brackets, temple_pool_b, serial_shops, shop, shop,
          nicolae_shop_back_alley_shop, hangedman_decor_clover_reticule
D:7:      layout_loops_ring, grunt_temple_overflow_gold_and_silver,
          ashenzari_conservatory_becter, uniq_duvessa, uniq_prince_ribbit1,
          uniq_maggie, uniq_menkaure, uniq_pikel
D:8:      layout_basic, mainiacjoe_overflow_24_doors,
          nicolae_yredelemnul_ghost_church, uniq_maurice
D:9:      layout_basic, ebering_ghost_rock_garden
D:10:     layout_basic, serial_shops, shop
D:11:     layout_irregular_city, erik_lair_island, orc_0_dummy,
          minmay_unpleasant_kobolds, uniq_grum
Temple:   hellmonk_temple_forest_ring

Notes
Turn   | Place    | Note
-------+----------+-------------------------------------------
     0 | D:1      | demibob the Demonspawn Wanderer began the quest for the
                  | Orb.
     0 | D:1      | demibob set off with the following items: a +2 spear, 7
                  | boomerangs, a +0 dagger, a scroll of fear, a +0 robe; and
                  | the following spell memorised: Apportation; and the
                  | following spells available to memorise: Vhi's Electric
                  | Charge.
     0 | D:1      | Reached XP level 1. HP: 13/13 MP: 3/3
    22 | D:1      | Reached skill level 2 in Polearms
   199 | D:1      | Gained mutation: You regenerate a little health from kills.
                  | [demonic ancestry]
   199 | D:1      | Reached XP level 2. HP: 16/19 MP: 5/5
   673 | D:1      | Reached skill level 3 in Polearms
   932 | D:2      | Gained mutation: You have a somewhat thin skeletal
                  | structure. (Dex +2, Stealth+) [demonic ancestry]
   932 | D:2      | Reached XP level 3. HP: 18/24 MP: 6/6
  1393 | D:3      | Found Enitizurphi's Book Shoppe.
  1396 | D:3      | Noticed Robin
  1414 | D:3      | Noticed Ijyb
  1542 | D:3      | Killed Ijyb
  1543 | D:3      | Reached skill level 4 in Polearms
  1543 | D:3      | Gained mutation: You regenerate health from kills. [demonic
                  | ancestry]
  1543 | D:3      | Reached XP level 4. HP: 26/30 MP: 7/7
  1572 | D:3      | Killed Robin
  1802 | D:3      | Gained mutation: You have large cloven feet. [demonic
                  | ancestry]
  1802 | D:3      | Reached XP level 5. HP: 32/35 MP: 8/8
  1869 | D:3      | Found a shimmering altar of Xom.
  2086 | D:4      | Reached skill level 5 in Polearms
  2263 | D:4      | Found a shadowy altar of Dithmenos.
  2411 | D:4      | Gained mutation: You may rarely emit foul miasma when
                  | damaged in melee. [demonic ancestry]
  2411 | D:4      | Reached XP level 6. HP: 41/41 MP: 9/9
  2519 | D:4      | Got Xauruaq's Catalogue of Leaden Position
  2888 | D:4      | Reached skill level 6 in Polearms
  3047 | D:5      | Entered Level 5 of the Dungeon
  3295 | D:5      | Reached skill level 7 in Polearms
  3295 | D:5      | Gained mutation: You sometimes emit foul miasma when
                  | damaged in melee. [demonic ancestry]
  3295 | D:5      | Reached XP level 7. HP: 46/46 MP: 10/10
  3563 | D:5      | Found a radiant altar of Vehumet.
  3564 | D:5      | Found a blossoming altar of Fedhas.
  3565 | D:5      | Found a snail-covered altar of Cheibriados.
  3566 | D:5      | Found an ancient bone altar of Kikubaaqudgha.
  3959 | D:6      | Reached skill level 8 in Polearms
  3978 | D:6      | Found a burning altar of Makhleb.
  4060 | D:6      | Found a staircase to the Ecumenical Temple.
  4088 | D:6      | Found Nevitrig's Antique Weapon Shop.
  4101 | D:6      | Found Rathiam's General Store.
  4202 | D:6      | Found a sacrificial altar of Ru.
  4218 | Temple   | Entered the Ecumenical Temple
  4379 | Temple   | Became a worshipper of Warmaster Okawaru
  4635 | D:6      | Found Noisij's Antique Armour Shoppe.
  4663 | D:7      | Noticed Pikel
  4673 | D:6      | Killed Pikel
  4673 | D:6      | Reached * piety under Okawaru
  4673 | D:6      | Reached ** piety under Okawaru
  4674 | D:6      | Reached skill level 9 in Polearms
  4674 | D:6      | Reached skill level 3 in Armour
  4674 | D:6      | Reached XP level 8. HP: 43/52 MP: 11/11
  4739 | D:7      | Noticed Prince Ribbit
  4748 | D:7      | Killed Prince Ribbit
  4754 | D:7      | Reached skill level 4 in Armour
  4895 | D:7      | Noticed Dowan
  4898 | D:7      | Noticed Duvessa
  4914 | D:7      | Killed Duvessa
  4915 | D:7      | Gained mutation: You have hoof-like feet. [demonic
                  | ancestry]
  4915 | D:7      | Reached XP level 9. HP: 37/57 MP: 12/12
  4917 | D:7      | Killed Dowan
  5004 | D:7      | Reached skill level 5 in Armour
  5098 | D:7      | Found an opulent altar of Gozag.
  5099 | D:7      | Noticed Menkaure
  5107 | D:7      | Killed Menkaure
  5107 | D:7      | Reached *** piety under Okawaru
  5108 | D:7      | Reached skill level 10 in Polearms
  5266 | D:7      | Found a broken altar of Ashenzari.
  5333 | D:7      | Noticed Maggie
  5350 | D:7      | Killed Maggie
  5613 | D:8      | Reached skill level 6 in Armour
  5700 | D:8      | Reached skill level 2 in Dodging
  5834 | D:8      | Reached **** piety under Okawaru
  5895 | D:8      | Noticed Maurice
  5917 | D:8      | Killed Maurice
  5918 | D:8      | Reached skill level 11 in Polearms
  5918 | D:8      | Reached skill level 3 in Dodging
  6000 | D:8      | Reached XP level 10. HP: 52/63 MP: 13/13
  6008 | D:8      | Reached skill level 4 in Dodging
  6048 | D:8      | Found a runed translucent gate.
  6048 | D:8      | Found a runed translucent gate.
  6048 | D:8      | Found a runed translucent gate.
  6048 | D:8      | Noticed dufus's ghost (novice BaMo)
  6050 | D:8      | Found a basalt altar of Yredelemnul.
  6337 | D:8      | You fall into a shaft and drop 3 floors!
  6449 | D:10     | Entered Level 10 of the Dungeon
  6459 | D:10     | Reached ***** piety under Okawaru
  6596 | D:10     | Found Othriw's General Store.
  7115 | D:8      | Found a hide-covered altar of Uskayaw.
  7251 | D:9      | Reached skill level 5 in Dodging
  7260 | D:9      | Received a gift from Okawaru
  7261 | D:9      | Reached skill level 1 in Invocations
  7352 | D:9      | Reached skill level 2 in Invocations
  7498 | D:9      | Found a runed translucent gate.
  7498 | D:9      | Found a runed translucent gate.
  7498 | D:9      | Found a runed translucent gate.
  7499 | D:9      | Noticed Sobieck's ghost (novice AtGl)
  8074 | D:10     | Reached skill level 3 in Invocations
  8085 | D:10     | Identified the +0 pair of boots of the Sky {rC+ Str+3}
                  | (Okawaru gifted it to you on level 10 of the Dungeon)
  8085 | D:10     | Received a gift from Okawaru
  8242 | D:10     | Mangled by a komodo dragon

Vanquished Creatures
  Pikel (D:6)
  Maurice (D:8)
  Maggie (D:7)
  Prince Ribbit (D:7)
  A troll (D:9)
  A shadow (D:9)
  8 yaks
  Menkaure (D:7)
  A steam dragon (D:7)
  An acid dragon (D:11)
  3 water moccasins
  Duvessa (D:7)
  2 orc warriors
  2 ice beasts
  A black bear (D:5)
  A centaur (D:9)
  2 kobold brigands (D:9)
  A phantom (D:7)
  A bullfrog (D:8)
  A wyvern zombie (D:8)
  A gnoll sergeant (D:8)
  A scorpion (D:5)
  4 wights (D:8)
  Dowan (D:7)
  4 killer bees (D:8)
  4 howler monkeys
  A centaur zombie (D:8)
  2 orc priests
  A gnoll bouda (D:5)
  9 hounds
  2 jellies
  Ijyb (D:3)
  A sleepcap (D:6)
  4 orc wizards
  An iguana (D:5)
  Robin (D:3)
  7 gnolls
  14 adders
  An ufetubus (D:5)
  A worm (D:2)
  A dart slug (D:5)
  18 orcs
  7 ball pythons
  7 bats
  7 endoplasms
  2 giant cockroaches
  12 goblins
  9 hobgoblins
  2 jackals (D:1)
  17 kobolds
  4 quokkas
  8 frilled lizards
  5 rats
192 creatures vanquished.

Vanquished Creatures (others)
  A goblin (D:3)
1 creature vanquished.

Grand Total: 193 creatures vanquished

Table legend: (Time is in decaauts)
 A = Elapsed time spent in this place.
 B = Non-inter-level travel time spent in this place.
 C = Inter-level travel time spent in this place.
 D = Time resting spent in this place.
 E = Time spent auto-exploring this place.
 F = Levels seen in this place.
 G = Mean time per level.
                   A        B        C        D        E       F      G
               +--------+--------+--------+--------+--------+-----+--------+
         Total |   8002 |   7670 |    332 |    533 |   5798 |  12 |  666.8 |
       Dungeon |   7832 |   7529 |    303 |    533 |   5666 |  11 |  712.0 |
        Temple |    169 |    141 |     28 |      0 |    132 |   1 |  169.0 |
               +--------+--------+--------+--------+--------+-----+--------+

Top non-repeatable levels by time:
     D:8: 1158 daAuts
     D:4: 983 daAuts
     D:9: 964 daAuts
     D:1: 900 daAuts
     D:7: 831 daAuts
     D:6: 769 daAuts
     D:5: 655 daAuts
     D:2: 590 daAuts
     D:3: 562 daAuts
    D:10: 307 daAuts
  Temple: 169 daAuts
    D:11: 108 daAuts

Table legend:
 A = Non-vault XP
 B = Vault XP
 C = Vault XP percentage of total XP
 D = Non-vault monster count
 E = Vault monster count
 F = Vault count percentage of total count
                 A         B        C        D         E       F
            +---------+---------+-------+---------+---------+-------
      Total |    6235 |    2412 |  27.9 |     171 |      21 |  10.9
            +---------+---------+-------+---------+---------+-------
        D:1 |      39 |       0 |   0.0 |      24 |       0 |   0.0
        D:2 |      36 |       0 |   0.0 |      14 |       0 |   0.0
        D:3 |      81 |      70 |  46.4 |      20 |      12 |  37.5
        D:4 |     209 |       0 |   0.0 |      17 |       0 |   0.0
        D:5 |     531 |       0 |   0.0 |      20 |       0 |   0.0
        D:6 |     320 |     663 |  67.4 |      10 |       1 |   9.1
        D:7 |     668 |    1075 |  61.7 |      12 |       5 |  29.4
        D:8 |    1840 |     604 |  24.7 |      23 |       3 |  11.5
        D:9 |    1224 |       0 |   0.0 |      24 |       0 |   0.0
       D:10 |    1134 |       0 |   0.0 |       6 |       0 |   0.0
       D:11 |     153 |       0 |   0.0 |       1 |       0 |   0.0
            +---------+---------+-------+---------+---------+-------
